SL
HOUSTON 1837 BBC @ WIZARDING EXPRESS
05/28/2025
 
TOP OF THE 1ST
Houston 1837 BBC batting - Pitching for Wizarding Express : LHP Javier Roldán
Pitching: LHP Javier Roldán
Batting: RHB Kumanosuke Abe 0-0: Called Strike
0-1: Foul Ball, location: 2F
0-2: Ball
1-2: Foul Ball, location: 2F
1-2: Ball
2-2: Foul Ball, location: 2F
2-2: Ground out 5-3 (Groundball, 5L)
Batting: RHB Bob Dickerson 0-0: Called Strike
0-1: Ball
1-1: Ball
2-1: Ground out 4-3 (Groundball, 4)
Batting: LHB Alberto Torres 0-0: Called Strike
0-1: Ball
1-1: Fly out, F8 (Flyball, 8RM)
Top of the 1st over - 0 run(s), 0 hit(s), 0 error(s), 0 left on base; Houston 0 - Wizarding 0
BOTTOM OF THE 1ST
Wizarding Express batting - Pitching for Houston 1837 BBC : LHP Phil Miles
Pitching: LHP Phil Miles
Batting: RHB António Martínez 0-0: Ball
1-0: Foul Ball, location: 2F
1-1: Ball
2-1: Ball
3-1: SINGLE (Flyball, 9LM)
Batting: RHB Chi-ju Zhang 0-0: Ball
1-0: Ball
2-0: Called Strike
2-1: Ball
3-1: Reached on error, E6 (Groundball, 6)
António Martínez to second
Batting: RHB Cole Shaffer 0-0: Called Strike
0-1: Ball
1-1: Swinging Strike
1-2: Ball
2-2: Ball
3-2: Ground out 5-3 (Groundball, 56S)
António Martínez to third
Chi-ju Zhang to second
Batting: LHB Nathan Tanner 0-0: SINGLE (Line Drive, 6S) (infield hit)
António Martínez scores
Chi-ju Zhang to third
Batting: RHB Rafael Arredondo 0-0: Ball
1-0: Called Strike
1-1: Ball
2-1: Fly out, F8 (Flyball, 89D)
Runner from 3rd tags up, SCORES, no throw
Batting: LHB Kyung-chor Pang 0-0: Ball
1-0: Fielders Choice at 2nd, 4-6 (Groundball, 4)
Bottom of the 1st over - 2 run(s), 2 hit(s), 1 error(s), 0 left on base; Houston 0 - Wizarding 2
TOP OF THE 2ND
Houston 1837 BBC batting - Pitching for Wizarding Express : LHP Javier Roldán
Batting: LHB José Marín 0-0: Ball
1-0: SINGLE (Groundball, 56S) (infield hit)
Pinch Runner at 1st Eugene Lawrence:
Batting: LHB Mark McClear 0-0: Ball
1-0: Ball
2-0: Fly out, F7 (Flyball, 78S)
Batting: LHB Mike Hanson 0-0: Ball
1-0: Ball
2-0: Swinging Strike
2-1: Ball
3-1: Foul Ball, location: 2F
3-2: Strikes out swinging
Batting: SHB Jason Alexander 0-0: Foul Ball, location: 2F
0-1: Ball
1-1: Called Strike
1-2: Strikes out swinging
Top of the 2nd over - 0 run(s), 1 hit(s), 0 error(s), 1 left on base; Houston 0 - Wizarding 2
BOTTOM OF THE 2ND
Wizarding Express batting - Pitching for Houston 1837 BBC : LHP Phil Miles
Batting: RHB Steve Dunn 0-0: Called Strike
0-1: Ball
1-1: SINGLE (Line Drive, 78M)
Batting: RHB Ed Whitaker 0-0: SINGLE (Flyball, 8LS)
Steve Dunn to second
Batting: RHB Michael Montgomery 0-0: Grounds into double play, 6-4-3 (Groundball, 6)
Steve Dunn to third
Batting: RHB António Martínez 0-0: Foul Ball, location: 2F
0-1: Swinging Strike
0-2: Strikes out swinging
Bottom of the 2nd over - 0 run(s), 2 hit(s), 0 error(s), 1 left on base; Houston 0 - Wizarding 2
TOP OF THE 3RD
Houston 1837 BBC batting - Pitching for Wizarding Express : LHP Javier Roldán
Batting: RHB Tracy Parker 0-0: Ball
1-0: Ball
2-0: Foul Ball, location: 2F
2-1: Called Strike
2-2: Strikes out swinging
Batting: LHB Damian Delaney 0-0: Ball
1-0: Ball
2-0: Ball
3-0: Called Strike
3-1: Ground out U3 (Groundball, 3)
Batting: RHB Kumanosuke Abe 0-0: Ball
1-0: Called Strike
1-1: SINGLE (Line Drive, 56D)
Batting: RHB Bob Dickerson 0-0: Foul Ball, location: 2F
0-1: SINGLE (Line Drive, 3)
Kumanosuke Abe to second
Batting: LHB Alberto Torres 0-0: DOUBLE (Flyball, 8LXD)
Kumanosuke Abe scores
Bob Dickerson to third
Batting: LHB Eugene Lawrence 0-0: Foul Ball, location: 2F
0-1: Ball
1-1: Swinging Strike
1-2: Strikes out swinging
Top of the 3rd over - 1 run(s), 3 hit(s), 0 error(s), 2 left on base; Houston 1 - Wizarding 2
BOTTOM OF THE 3RD
Wizarding Express batting - Pitching for Houston 1837 BBC : LHP Phil Miles
Batting: RHB Chi-ju Zhang 0-0: Ball
1-0: Ground out 5-3 (Groundball, 56)
Batting: RHB Cole Shaffer 0-0: DOUBLE (Groundball, 5L)
Batting: LHB Nathan Tanner 0-0: Ball
1-0: Ground out 6-3 (Groundball, 6)
Batting: RHB Rafael Arredondo 0-0: Swinging Strike
0-1: Called Strike
0-2: Foul Ball, location: 2F
0-2: Ball
1-2: Ball
2-2: Foul Ball, location: 2F
2-2: Foul Ball, location: 2F
2-2: Ball
3-2: Foul Ball, location: 2F
3-2: Fly out, F7 (Flyball, 7S)
Bottom of the 3rd over - 0 run(s), 1 hit(s), 0 error(s), 1 left on base; Houston 1 - Wizarding 2
TOP OF THE 4TH
Houston 1837 BBC batting - Pitching for Wizarding Express : LHP Javier Roldán
Batting: LHB Mark McClear 0-0: Ball
1-0: Foul Ball, location: 2F
1-1: Ball
2-1: Ground out 4-3 (Groundball, 4)
Batting: LHB Mike Hanson 0-0: Ball
1-0: Ball
2-0: Ball
3-0: Called Strike
3-1: Called Strike
3-2: Foul Ball, location: 2F
3-2: Strikes out looking
Batting: SHB Jason Alexander 0-0: Ball
1-0: Swinging Strike
1-1: DOUBLE (Flyball, 78D)
Batting: RHB Tracy Parker 0-0: Ball
1-0: Foul Ball, location: 2F
1-1: Ground out 4-3 (Groundball, 4S)
Top of the 4th over - 0 run(s), 1 hit(s), 0 error(s), 1 left on base; Houston 1 - Wizarding 2
BOTTOM OF THE 4TH
Wizarding Express batting - Pitching for Houston 1837 BBC : LHP Phil Miles
Batting: LHB Kyung-chor Pang 0-0: Ball
1-0: Bunt for hit - play at first, batter OUT! 2-3
Batting: RHB Steve Dunn 0-0: Ball
1-0: Swinging Strike
1-1: Ball
2-1: Ground out 5-3 (Groundball, 56)
Batting: RHB Ed Whitaker 0-0: Fly out, F8 (Flyball, 8LM)
Bottom of the 4th over - 0 run(s), 0 hit(s), 0 error(s), 0 left on base; Houston 1 - Wizarding 2
TOP OF THE 5TH
Houston 1837 BBC batting - Pitching for Wizarding Express : LHP Javier Roldán
Batting: LHB Damian Delaney 0-0: Ball
1-0: Fly out, F5 (Line Drive, 5)
Batting: RHB Kumanosuke Abe 0-0: Ball
1-0: Called Strike
1-1: Ball
2-1: Ball
3-1: Foul Ball, location: 2F
3-2: Base on Balls
Batting: RHB Bob Dickerson 0-0: Ball
1-0: SINGLE (Line Drive, 9LS)
Kumanosuke Abe to second
Batting: LHB Alberto Torres 0-0: Called Strike
0-1: Ball
1-1: Ball
2-1: Ball
3-1: SINGLE (Groundball, 4MD)
Kumanosuke Abe to third
Bob Dickerson to second
Batting: LHB Eugene Lawrence 0-0: Foul Ball, location: 2F
0-1: Called Strike
0-2: Ball
1-2: Strikes out swinging
Batting: LHB Mark McClear 0-0: Ball
1-0: Fly out, F8 (Flyball, 8LS)
Top of the 5th over - 0 run(s), 2 hit(s), 0 error(s), 3 left on base; Houston 1 - Wizarding 2
BOTTOM OF THE 5TH
Wizarding Express batting - Pitching for Houston 1837 BBC : LHP Phil Miles
Batting: RHB Michael Montgomery 0-0: SINGLE (Groundball, 6MD)
Batting: RHB António Martínez 0-0: Fielders Choice at 2nd, 6-4 (Groundball, 6)
Batting: RHB Chi-ju Zhang 0-0: Ground out 3-1 (Groundball, 34S)
António Martínez to second
Batting: RHB Cole Shaffer 0-0: Called Strike
0-1: Foul Ball, location: 2F
0-2: Ball
1-2: Strikes out swinging
Bottom of the 5th over - 0 run(s), 1 hit(s), 0 error(s), 1 left on base; Houston 1 - Wizarding 2
TOP OF THE 6TH
Houston 1837 BBC batting - Pitching for Wizarding Express : LHP Javier Roldán
Batting: LHB Mike Hanson 0-0: Swinging Strike
0-1: Ball
1-1: Called Strike
1-2: Ball
2-2: Strikes out swinging
Batting: SHB Jason Alexander 0-0: Ball
1-0: Foul Ball, location: 2F
1-1: Called Strike
1-2: Strikes out looking
Batting: RHB Tracy Parker 0-0: Ball
1-0: Foul Ball, location: 2F
1-1: Ball
2-1: Foul Ball, location: 2F
2-2: Ball
3-2: Strikes out looking
Top of the 6th over - 0 run(s), 0 hit(s), 0 error(s), 0 left on base; Houston 1 - Wizarding 2
BOTTOM OF THE 6TH
Wizarding Express batting - Pitching for Houston 1837 BBC : LHP Phil Miles
Batting: LHB Nathan Tanner 0-0: Foul Ball, location: 2F
0-1: Ball
1-1: Ball
2-1: Swinging Strike
2-2: Ball
3-2: Strikes out looking
Batting: RHB Rafael Arredondo 0-0: Ball
1-0: Ball
2-0: Foul Ball, location: 2F
2-1: Fly out, F4 (Popup, 3D)
Batting: LHB Kyung-chor Pang 0-0: Fly out, F8 (Flyball, 78M)
Bottom of the 6th over - 0 run(s), 0 hit(s), 0 error(s), 0 left on base; Houston 1 - Wizarding 2
TOP OF THE 7TH
Houston 1837 BBC batting - Pitching for Wizarding Express : LHP Javier Roldán
Pitching: RHP Enrico Reséndez
Batting: LHB Damian Delaney 0-0: Ball
1-0: SINGLE (Line Drive, 56)
Batting: RHB Kumanosuke Abe 0-0: Sac Bunt - play at first, batter OUT! 1-3
Damian Delaney to second
Batting: RHB Bob Dickerson 0-0: Called Strike
0-1: Foul Ball, location: 2F
0-2: 2-RUN HOME RUN (Flyball, 7D), Distance : 370 ft
Pitching: RHP Jackson Haines
Batting: LHB Alberto Torres 0-0: Called Strike
0-1: Foul Ball, location: 2F
0-2: Fly out, F9 (Flyball, 9D)
Batting: LHB Eugene Lawrence 0-0: Ball
1-0: Ball
2-0: Ball
3-0: Base on Balls
Batting: LHB Mark McClear 0-0: Called Strike
0-1: Ball
1-1: Ball
2-1: Foul Ball, location: 2F
2-2: Ball
3-2: Strikes out swinging
Top of the 7th over - 2 run(s), 2 hit(s), 0 error(s), 1 left on base; Houston 3 - Wizarding 2
BOTTOM OF THE 7TH
Wizarding Express batting - Pitching for Houston 1837 BBC : LHP Phil Miles
Batting: RHB Steve Dunn 0-0: Called Strike
0-1: Foul Ball, location: 2F
0-2: Fly out, F9 (Line Drive, 9S)
Batting: RHB Ed Whitaker 0-0: Fly out, F8 (Flyball, 8RM)
Batting: RHB Michael Montgomery 0-0: Called Strike
0-1: Ball
1-1: Ground out 6-3 (Groundball, 56)
Bottom of the 7th over - 0 run(s), 0 hit(s), 0 error(s), 0 left on base; Houston 3 - Wizarding 2
TOP OF THE 8TH
Houston 1837 BBC batting - Pitching for Wizarding Express : RHP Jackson Haines
Batting: LHB Mike Hanson 0-0: Called Strike
0-1: Ball
1-1: Foul Ball, location: 2F
1-2: Ball
2-2: Fly out, F8 (Flyball, 8LM)
Batting: SHB Jason Alexander 0-0: Ball
1-0: Foul Ball, location: 2F
1-1: Foul Ball, location: 2F
1-2: Strikes out looking
Batting: RHB Tracy Parker 0-0: Ball
1-0: Ball
2-0: Ball
3-0: Base on Balls
Pinch Hitting: SHB Greg Henderson 0-0: Fly out, F4 (Line Drive, 34)
Top of the 8th over - 0 run(s), 0 hit(s), 0 error(s), 1 left on base; Houston 3 - Wizarding 2
BOTTOM OF THE 8TH
Wizarding Express batting - Pitching for Houston 1837 BBC : LHP Phil Miles
Now in CF: Greg Henderson
Batting: RHB António Martínez 0-0: Ball
1-0: Called Strike
1-1: Swinging Strike
1-2: Ball
2-2: Ground out 6-3 (Groundball, 6)
Batting: RHB Chi-ju Zhang 0-0: Ball
1-0: Fly out, F7 (Flyball, 7D)
Batting: RHB Cole Shaffer 0-0: Ball
1-0: SINGLE (Groundball, 56D)
Batting: LHB Nathan Tanner 0-0: Ball
1-0: Called Strike
1-1: Ball
2-1: Called Strike
2-2: Ball
3-2: Foul Ball, location: 2F
3-2: 2-RUN HOME RUN (Flyball, 9D), Distance : 355 ft
Batting: RHB Rafael Arredondo 0-0: Ball
1-0: Called Strike
1-1: Fly out, F7 (Flyball, 78M)
Bottom of the 8th over - 2 run(s), 2 hit(s), 0 error(s), 0 left on base; Houston 3 - Wizarding 4
TOP OF THE 9TH
Houston 1837 BBC batting - Pitching for Wizarding Express : RHP Jackson Haines
Pitching: RHP Woody Cook
Batting: RHB Kumanosuke Abe 0-0: Called Strike
0-1: Ball
1-1: Foul Ball, location: 2F
1-2: Foul Ball, location: 2F
1-2: Ball
2-2: Foul Ball, location: 2F
2-2: Foul Ball, location: 2F
2-2: Foul Ball, location: 2F
2-2: Foul Ball, location: 2F
2-2: Foul Ball, location: 2F
2-2: Ground out 6-3 (Groundball, 6)
Batting: RHB Bob Dickerson 0-0: Called Strike
0-1: Ball
1-1: Ball
2-1: DOUBLE (Line Drive, 7LD)
Batting: LHB Alberto Torres 0-0: Ball
1-0: Foul Ball, location: 2F
1-1: Ball
2-1: Foul Ball, location: 2F
2-2: Foul Ball, location: 2F
2-2: Foul Ball, location: 2F
2-2: Ball
3-2: Foul Ball, location: 2F
3-2: Foul Ball, location: 2F
3-2: Foul Ball, location: 2F
3-2: Base on Balls
Batting: LHB Eugene Lawrence 0-0: Called Strike
0-1: Ball
1-1: Ball
Wild Pitch!
Bob Dickerson to third
Alberto Torres to second
2-1: Foul Ball, location: 2F
2-2: Foul Ball, location: 2F
2-2: Ball
3-2: Foul Ball, location: 2F
3-2: Base on Balls
Batting: LHB Mark McClear 0-0: Called Strike
0-1: Ball
1-1: Ball
2-1: Foul Ball, location: 2F
2-2: Fly out, F9 (Flyball, 9LS)
Batting: LHB Mike Hanson 0-0: Foul Ball, location: 2F
0-1: Called Strike
0-2: Ball
1-2: Ball
2-2: Ball
3-2: Base on Balls
Bob Dickerson scores
Alberto Torres to third
Eugene Lawrence to second
Batting: SHB Jason Alexander 0-0: Foul Ball, location: 2F
0-1: Foul Ball, location: 2F
0-2: Strikes out swinging
Top of the 9th over - 1 run(s), 1 hit(s), 0 error(s), 3 left on base; Houston 4 - Wizarding 4
BOTTOM OF THE 9TH
Wizarding Express batting - Pitching for Houston 1837 BBC : LHP Phil Miles
Pinch Hitting: RHB Carlos Ortega 0-0: Ball
1-0: Ground out 6-3 (Groundball, 6)
Batting: RHB Steve Dunn 0-0: Foul Ball, location: 2F
0-1: Called Strike
0-2: Ball
1-2: Strikes out swinging
Pitching: RHP Francisco García
Batting: RHB Ed Whitaker 0-0: Ball
1-0: Ball
2-0: Foul Ball, location: 2F
2-1: Ball
3-1: Base on Balls
Batting: RHB Michael Montgomery 0-0: Ball
1-0: Swinging Strike
1-1: Foul Ball, location: 2F
1-2: Ball
2-2: Foul Ball, location: 2F
2-2: Foul Ball, location: 2F
2-2: Ball
3-2: Fly out, F7 (Flyball, 7)
Bottom of the 9th over - 0 run(s), 0 hit(s), 0 error(s), 1 left on base; Houston 4 - Wizarding 4
TOP OF THE 10TH
Houston 1837 BBC batting - Pitching for Wizarding Express : RHP Woody Cook
Now in RF: Ken Watanabe
Pinch Hitting: LHB Chris Rice 0-0: SINGLE (Groundball, 34D)
Batting: SHB Greg Henderson 0-0: Ball
1-0: Reached on error, E1 (Groundball, 13S)
Chris Rice to second
Batting: RHB Kumanosuke Abe 0-0: Foul Ball, location: 2F
0-1: Foul Ball, location: 2F
0-2: Strikes out looking
Pitching: RHP Francis Cahill
Batting: RHB Bob Dickerson 0-0: Ball
1-0: Called Strike
1-1: Ball
2-1: 3-RUN HOME RUN (Flyball, 78XD), Distance : 378 ft
Batting: LHB Alberto Torres 0-0: Ball
1-0: Called Strike
1-1: SINGLE (Groundball, 34S) (infield hit)
Batting: LHB Eugene Lawrence 0-0: Foul Ball, location: 2F
0-1: Ball
1-1: Called Strike
1-2: Ball
2-2: Ball
3-2: Ground out U3 (Groundball, 3S)
Alberto Torres to second
Batting: LHB Mark McClear 0-0: Ball
1-0: 2-RUN HOME RUN (Flyball, 8LXD), Distance : 419 ft
Batting: LHB Mike Hanson 0-0: SINGLE (Groundball, 4MD)
Batting: SHB Jason Alexander 0-0: Ball
1-0: Ground out 4-3 (Groundball, 34)
Top of the 10th over - 5 run(s), 5 hit(s), 1 error(s), 1 left on base; Houston 9 - Wizarding 4
BOTTOM OF THE 10TH
Wizarding Express batting - Pitching for Houston 1837 BBC : RHP Francisco García
Now in RF: Juan Gabriel
Batting: RHB António Martínez 0-0: Called Strike
0-1: Ball
1-1: Ball
2-1: Ball
3-1: Base on Balls
Batting: RHB Chi-ju Zhang 0-0: Foul Ball, location: 2F
0-1: Ball
1-1: Swinging Strike
1-2: Ball
2-2: Ball
3-2: Strikes out swinging
Batting: RHB Cole Shaffer 0-0: Called Strike
0-1: Ball
1-1: Ball
2-1: Swinging Strike
2-2: Strikes out looking
Batting: LHB Nathan Tanner 0-0: Ball
1-0: Ball
2-0: Called Strike
2-1: Fly out, F8 (Flyball, 78M)
Bottom of the 10th over - 0 run(s), 0 hit(s), 0 error(s), 1 left on base; Houston 9 - Wizarding 4
Friday, December 30th, 2016 - OOTP Baseball 17.12 Build 75